 Dungeon Crawl Stone Soup version 0.18.1-48-g4cf74bf (webtiles) character file.

968 raph the Chiller (level 8, -6/54 HPs)
             Began as a Human Ice Elementalist on June 29, 2016.
             Mangled by an orc warrior
             ... wielding a +0 trident
              (15 damage)
             ... on level 6 of the Dungeon.
             The game lasted 00:14:30 (7383 turns).

raph the Chiller (Human Ice Elementalist)           Turns: 7383, Time: 00:14:31

Health: -6/54      AC: 14    Str:  9    XL:     8   Next: 38%
Magic:  1/12       EV:  7    Int: 18    God:
Gold:   467        SH:  0    Dex: 13    Spells: 4 memorised, 2 levels left

rFire  . . .     SeeInvis .     C - +2 whip (pain)
rCold  . . .     Gourm    .     i - +2 leather armour {rN+}
rNeg   + . .     Faith    .     (no shield)
rPois  .         Spirit   .     (no helmet)
rElec  .         Dismiss  .     (no cloak)
rCorr  .         Reflect  .     (no gloves)
SustAt .         Harm     .     (no boots)
MR     .....                    (no amulet)
Stlth  +++.......               G - +3 ring of protection
                                y - ring of stealth

@: icy armour, slow, not resistant to hostile enchantments, fairly stealthy
A: no striking features
a: no special abilities


You were on level 6 of the Dungeon.
You were not hungry.

You visited 1 branch of the dungeon, and saw 6 of its levels.

You collected 467 gold pieces.

Inventory:

Hand Weapons
 f - a +0 dagger
 l - a +1 dagger of draining
 C - a +2 whip of pain (weapon)
Missiles
 w - 7 javelins (quivered)
Armour
 a - a +0 robe
 i - a +2 leather armour of positive energy (worn)
Jewellery
 v - an uncursed amulet of guardian spirit
 y - a ring of stealth (left hand)
 G - a +3 ring of protection (right hand)
Wands
 h - a wand of paralysis (22/24)
 I - a wand of enslavement (10/24)
Scrolls
 n - 2 scrolls of magic mapping
 o - 4 scrolls of remove curse
 p - 2 scrolls of teleportation
Potions
 d - a potion of might
 e - 2 potions of cancellation
 g - 7 potions of curing
 r - a potion of invisibility
 t - a potion of brilliance
 u - 2 potions of agility
 z - 2 potions of heal wounds
 A - a potion of flight
Books
 b - a book of Frost

   Spells                             Type                      Level
   a - Freeze                         Ice                          1
   b - Throw Frost                    Conjuration/Ice              2
   c - Ozocubu's Armour               Charms/Ice                   3
   d - Throw Icicle                   Conjuration/Ice              4
   e - Summon Ice Beast               Ice/Summoning                4
Comestibles
 c - 5 bread rations
 k - 2 meat rations
 m - 2 royal jellies
 B - 2 beef jerkies
 E - 2 slices of pizza


   Skills:
 + Level 1.3 Fighting
 + Level 0.6 Maces & Flails
 - Level 4.3 Armour
 + Level 2.2 Dodging
 - Level 2.0 Stealth
 - Level 2.9 Spellcasting
 + Level 3.7 Conjurations
 + Level 1.9 Charms
 * Level 6.4 Ice Magic


You had 2 spell levels left.
You knew the following spells:

 Your Spells              Type           Power        Failure   Level  Hunger
a - Freeze                Ice            ####         1%          1    None
b - Throw Frost           Conj/Ice       ###...       6%          2    ##.....
c - Ozocubu's Armour      Chrm/Ice       ###.....     14%         3    ###....
d - Throw Icicle          Conj/Ice       ###.....     30%         4    ####...


Dungeon Overview and Level Annotations

Branches:
Dungeon (6/15)
 Temple: D:4-7

Altars:
Dithmenos
Elyvilon
Nemelex Xobeh
Sif Muna
Trog
Yredelemnul


Message History

Aiming: Freeze
Press: ? - help, Shift-Dir - straight line, f/p - orc warrior
Aim: an orc warrior, wielding a trident and wearing a chain mail (lightly wounded)
You freeze the orc warrior.
The orc warrior is lightly wounded.
The orc warrior hits you with a trident!
Casting: Freeze
Confirm with . or Enter, or press ? or * to list all spells.
Aiming: Freeze
Press: ? - help, Shift-Dir - straight line, f/p - orc warrior
Aim: an orc warrior, wielding a trident and wearing a chain mail (lightly wounded)
You freeze the orc warrior.
The orc warrior is moderately wounded.
The orc warrior barely misses you.
The orc warrior hits you from afar with a trident!
* * * LOW HITPOINT WARNING * * *
There is an open door, spattered with blood here.
There is a stone staircase leading up here.
The orc warrior hits you from afar with a trident!
You die...

*,**,** *#.......#* *,,,,,*
*,**** *#.)...#* *,***,*
*,* *#)..#* *,* *,* *,***
##'## *,***,* *,,,* #.#
*,,,,,, ***,* #.# ****,,,
*,* ##o## *,** *,*
###...######****,** *,*
#.@.........,,**,,* *,*
#.#....#.#..,,,,,,,
*,***####.##.#.#.#,**,*,,,,
*,,,,........#.#.#.#*,*,,,,
*****####.##.......#*,**,,,
#.*#.#.#.###*,*#,,*
#.##.#.#.####,*#.*#
#.............*#.##
#########
####.#########*#...


You could see an orc warrior.

Vanquished Creatures
  Prince Ribbit (D:5)
  An ogre (D:6)
  A crimson imp (D:5)
  A jelly (D:5)
  A hound (D:6)
  2 orc priests
  An orc wizard (D:3)
  A centaur skeleton (D:5)
  Ijyb (D:2)
  Natasha (twice) (D:2)
  Terence (D:2)
  3 worker ants
  11 gnolls
  A howler monkey skeleton (D:3)
  8 adders
  2 oozes
  3 worms
  3 dart slugs
  2 giant geckos (D:3)
  14 orcs
  5 bats
  4 giant cockroaches
  8 goblins
  4 hobgoblins
  2 jackals (D:6)
  A quokka (D:3)
  A ball python (D:3)
  8 giant newts
  5 kobolds
  7 rats
105 creatures vanquished.

Notes
Turn   | Place    | Note
--------------------------------------------------------------
     0 | D:1      | raph the Human Ice Elementalist began the quest for the Orb.
     0 | D:1      | Reached XP level 1. HP: 13/13 MP: 3/3
   145 | D:1      | Reached skill level 1 in Armour
   145 | D:1      | Reached XP level 2. HP: 15/19 MP: 0/5
   291 | D:1      | Learned a level 2 spell: Throw Frost
   516 | D:1      | Reached XP level 3. HP: 21/24 MP: 3/6
   552 | D:1      | Learned a level 3 spell: Ozocubu's Armour
  1055 | D:2      | Noticed Terence
  1107 | D:2      | Killed Terence
  1107 | D:2      | Reached XP level 4. HP: 30/30 MP: 0/7
  1187 | D:2      | Noticed Ijyb
  1371 | D:2      | Killed Ijyb
  1371 | D:2      | Reached skill level 4 in Ice Magic
  1371 | D:2      | Reached XP level 5. HP: 13/35 MP: 0/8
  1719 | D:2      | Noticed Natasha
  1737 | D:2      | Killed Natasha
  2389 | D:2      | Noticed Natasha
  2392 | D:2      | Killed Natasha
  2843 | D:3      | Found a basalt altar of Yredelemnul.
  2844 | D:3      | Found a shadowy altar of Dithmenos.
  2845 | D:3      | Found a white marble altar of Elyvilon.
  2881 | D:3      | Reached XP level 6. HP: 41/41 MP: 8/10
  3191 | D:3      | Reached skill level 5 in Ice Magic
  3237 | D:3      | Learned a level 4 spell: Throw Icicle
  4568 | D:4      | Reached XP level 7. HP: 41/46 MP: 5/11
  5286 | D:5      | Entered Level 5 of the Dungeon
  5472 | D:5      | Noticed Prince Ribbit
  5486 | D:5      | Killed Prince Ribbit
  5486 | D:5      | Reached skill level 1 in Charms
  5953 | D:5      | Reached skill level 6 in Ice Magic
  5953 | D:5      | Reached XP level 8. HP: 52/52 MP: 9/12
  6370 | D:5      | Found a sparkling altar of Nemelex Xobeh.
  6481 | D:5      | Found a bloodstained altar of Trog.
  6760 | D:6      | Reached skill level 1 in Fighting
  7312 | D:6      | Found a deep blue altar of Sif Muna.
  7383 | D:6      | Mangled by an orc warrior

Skill      XL: |  1  2  3  4  5  6  7  8 |
---------------+-------------------------+-----
Armour         | 1 2 3 4 |  4.3
Ice Magic      | 4 5 6 |  6.4
Conjurations   | 3 |  3.7
Charms         | 1 |  1.9
Fighting       | 1 |  1.3
Maces & Flails | |  0.6
Dodging        | |  2.2
Stealth        | |  2.0
Spellcasting   | |  2.9

Action                   |  1- 3 |  4- 6 |  7- 9 || total
-------------------------+-------+-------+-------++-------
Melee: Dagger            |     5 |    25 |     4 ||    34
       Unarmed           |       |    16 |       ||    16
       Whip              |       |       |    28 ||    28
 Cast: Freeze            |    29 |   104 |    78 ||   211
       Throw Frost       |     2 |    19 |    11 ||    32
       Ozocubu's Armour  |       |       |     8 ||     8
  Use: Scroll            |       |       |    16 ||    16
 Stab: Sleeping          |     3 |     1 |       ||     4
  Eat: Chunk             |     1 |     7 |    10 ||    18
       Meat ration       |       |     1 |       ||     1
Armor: Leather armour    |     9 |    26 |    38 ||    73
Dodge: Dodged            |    12 |    69 |    61 ||   142
